 Dungeon Crawl Stone Soup version 0.30.0-10-gfe55d96785 (webtiles) character file.

Game seed: 1770439434329220318

34 hawla the Firebug (level 3, -2/26 HPs)
             Began as a Meteoran Fire Elementalist on May 14, 2023.
             Slain by Edmund
             ... wielding a +2 flail of protection
              (4 damage)
             ... on level 4 of the Dungeon.
             The game lasted 00:03:13 (566 turns).

hawla the Firebug (Meteoran Fire Elementalist)       Turns: 566, Time: 00:03:13

Health: -2/26      AC:  6    Str:  9    XL:     3   Next: 73%
Magic:  4/8        EV: 13    Int: 18    God:
Gold:   32         SH:  0    Dex: 15    Spells: 5/8 levels left

rFire   . . .        (no weapon)
rCold   . . .        (no shield)
rNeg    . . .        a - +0 robe
rPois   .            (no helmet)
rElec   .            (no cloak)
rCorr   .            (no gloves)
SInv    .            (no boots)
Will    .....        (no amulet)
Stlth   +            c - +4 ring of protection
HPRegen 0.24/turn    (no ring)
MPRegen 0.11/turn

%: no passive effects
@: glowing, invisible (but backlit and visible)
A: sense surroundings 1, otherworldly, glowing, explore regen
a: no special abilities


You were on level 4 of the Dungeon.
You visited 1 branch of the dungeon, and saw 4 of its levels.

You collected 32 gold pieces.

Inventory:

Armour
 a - a +0 robe (worn)
Jewellery
 c - a +4 ring of protection (left hand)
Scrolls
 h - a scroll of teleportation {unknown}
 j - a scroll of identify {unknown}
Potions
 d - a potion of invisibility
 e - a potion of lignification {unknown}
 f - a potion of might {unknown}
 g - a potion of degeneration {unknown}
 i - a potion of flight {unknown}
 k - 2 potions of haste {unknown}


   Skills:
 + Level 2.7 Dodging
 - Level 1.4 Stealth
 + Level 3.2 Spellcasting
 + Level 1.5 Conjurations
 + Level 4.5 Fire Magic


You had 5 spell levels left.
You knew the following spells:

 Your Spells              Type           Power      Damage    Failure   Level
a - Foxfire               Conj/Fire      52%        2x1d6     4%          1
b - Scorch                Fire           38%        2d7       3%          2

Your spell library contained the following spells:

 Spells                   Type           Power      Damage    Failure   Level
 Inner Flame              Hex/Fire       11%        N/A       19%         3
 Volatile Blastmotes      Fire/Tloc      22%        2d11      19%         3
 Flame Wave               Conj/Fire      13%        2d6       41%         4
 Animate Dead             Necr           2%         N/A       85%         4
 Haunt                    Necr/Summ      1%         N/A       100%        7
 Infestation              Necr           1%         N/A       100%        8


Dungeon Overview and Level Annotations

Branches:
Dungeon (4/15) Zot: 1834   Temple (0/1) D:4

Altars:
Uskayaw

Annotations:
D:4 Edmund


Innate Abilities, Weirdness & Mutations

You passively map a small area around you.
You are easily found by Zot.
You glow in the dark.
You regain HP and MP as you explore.


Message History

Edmund is lightly wounded.
Edmund's fire resistance burns away.
The foxfire hits Edmund but does no damage.
Edmund is lightly wounded.
Casting: Scorch (safe; 3% risk of failure)
Confirm with . or Enter, or press ? or * to list all spells.
Flames lash Edmund.
Edmund is moderately wounded.
Your foxfire dissipates!
Casting: Scorch (safe; 3% risk of failure)
Confirm with . or Enter, or press ? or * to list all spells.
Flames lash Edmund.
Edmund is burned terribly!
Edmund is moderately wounded.
Edmund hits you with a +2 flail of protection!
Unknown command.
Magic courses through your body. Edmund completely misses you.
Casting: Scorch (safe; 3% risk of failure)
Confirm with . or Enter, or press ? or * to list all spells.
Flames lash Edmund but do no damage.
Edmund hits you with a +2 flail of protection!
Unknown command.
Casting: Scorch (safe; 3% risk of failure)
Confirm with . or Enter, or press ? or * to list all spells.
Flames lash Edmund.
Edmund is burned terribly!
Edmund is severely wounded.
Edmund closely misses you.
Casting: Scorch (safe; 3% risk of failure)
Confirm with . or Enter, or press ? or * to list all spells.
You conjure some foxfire!
Edmund hits you with a +2 flail of protection!
* * * LOW HITPOINT WARNING * * *
You see here a ball python corpse.
It was a potion of invisibility.
You become transparent, but the glow from your body prevents you from becoming completely invisible.
The foxfire hits Edmund but does no damage.
Edmund is severely wounded.
The foxfire hits Edmund.
Edmund is severely wounded.
Edmund hits you with a +2 flail of protection.
You die...

, ,, , , , . .. ..,
, , , .#. ..,.# .#.
,#.##. *, .. ,.. .,
# * # #.##.#.##.# *
#.#....#.!. ,
..#....#...# ,## *
* #...##@#.§.#.#...
* , #...$§@§§§....#
* ##...#§#.#.... ,*
* ##.#.#.#.#.##...
, , ,
...#...........#
,*.##....#.##.#.#.#
# #.##.#....#.#
.#.##.............
..............####


You could see Edmund (combustible).

Vanquished Creatures
  An adder (D:2)
  A worm (D:2)
  2 ball pythons (D:4)
  2 endoplasms (D:2)
  2 giant cockroaches (D:2)
  2 hobgoblins
  2 jackals (D:2)
  A quokka (D:2)
  A bat (D:1)
  A frilled lizard (D:1)
  A goblin (D:2)
  2 kobolds (D:2)
  3 rats
21 creatures vanquished.

Vanquished Creatures (others)
  49 foxfires
49 creatures vanquished.

Grand Total: 70 creatures vanquished

Notes
Turn   | Place    | Note
-------+----------+-------------------------------------------
     0 | D:1      | hawla the Meteoran Fire Elementalist began the quest for
                  | the Orb.
     0 | D:1      | Reached XP level 1. HP: 14/14 MP: 5/5
    95 | D:2      | Reached skill level 4 in Fire Magic
    95 | D:2      | Reached XP level 2. HP: 13/20 MP: 1/7
   173 | D:2      | Reached XP level 3. HP: 26/26 MP: 3/8
   176 | D:2      | Learned a level 2 spell: Scorch
   497 | D:3      | Found a hide-covered altar of Uskayaw.
   547 | D:4      | Found a staircase to the Ecumenical Temple.
   554 | D:4      | Noticed Edmund
   566 | D:4      | Slain by Edmund

Illustrated notes

Levels and vault maps discovered:
D:1:      dpeg_arrival_three_same_balls, layout_loops_corners
D:2:      layout_loops_cross, dreamdust_ecumenical_altar_hidden_monk_grotto,
          minmay_misc_feat_chi
D:3:      layout_basic, eat_drink_and_be_merry_uskayaw, uniq_jessica
D:4:      layout_basic, minmay_temple_entry_ruins, uniq_edmund

Skill      XL: |  1 |
---------------+----+-----
Spellcasting   | 3 |  3.2
Fire Magic     | 4 |  4.5
Dodging        | |  2.7
Stealth        | |  1.4
Conjurations   | |  1.5

Action                     || total
---------------------------++-------
  Melee: Unarmed           ||     8
   Cast: Foxfire           ||    33
         Scorch            ||     7
    Use: Scroll            ||     1
         Potion            ||     2
 Armour: Robe              ||     9
  Dodge: Dodged            ||    19
